 Dungeon Crawl Stone Soup version 0.30-a0-458-g86641cc369 (webtiles) character file.

Game seed: 6331447626480377052

4993 billz999 the Prestidigitator (level 10, 0/100 HPs)
             Began as a Gnoll Wanderer on Dec 14, 2022.
             Was a Believer of Hepliaklqana.
             Slain by an orc
             ... wielding a +2 whip of holy wrath
              (3 damage)
             ... on level 7 of the Dungeon.
             The game lasted 00:25:03 (8107 turns).

billz999 the Prestidigitator (Gnoll Wanderer)       Turns: 8107, Time: 00:25:04

Health: 0/100      AC:  6    Str: 22    XL:     10   Next: 54%
Magic:  17/19      EV: 12    Int: 20    God:    Hepliaklqana [**....]
Gold:   328        SH:  0    Dex:  7    Spells: 16/21 levels left

rFire   . . .      SeeInvis +    x - +2 shortbow (drain)
rCold   . . .      Faith    .    (shield currently unavailable)
rNeg    . . .      Spirit   .    d - +0 robe
rPois   .          Reflect  .    (no helmet)
rElec   .          Harm     .    n - +0 cloak
rCorr   .          Rampage  .    (no gloves)
Will    .....                    g - +2 pair of boots
Stlth   ..........               (no amulet)
HPRegen 0.36/turn                u - ring of see invisible
MPRegen 0.16/turn                p - +6 ring of strength

@: berserking, lethally poisoned (0 -> -1), very quick
A: reduced essence, fangs 1, strong nose, distributed training, clever 1,
deformed body, strong 1
a: Renounce Religion, Ancestor Life: Knight, Ancestor Life: Battlemage, Ancestor
Life: Hexer, Recall Ancestor, Ancestor Identity


You were on level 7 of the Dungeon.
You worshipped Hepliaklqana.
Hepliaklqana was pleased with you.
You visited 1 branch of the dungeon, and saw 7 of its levels.

You collected 519 gold pieces.
You spent 191 gold pieces at shops.

Inventory:

Hand Weapons
 a - a +0 sling
 v - a +0 dagger
 x - a +2 shortbow of draining (weapon)
Missiles
 m - 10 javelins
 y - 3 datura-tipped darts
 G - a throwing net
Armour
 d - a +0 robe (worn)
 g - a +2 pair of boots (worn)
 n - a +0 cloak (worn)
Jewellery
 b - an amulet of regeneration
 l - a ring of resist corrosion
 p - a +6 ring of strength (right hand)
 u - a ring of see invisible (left hand)
 H - an amulet of reflection
Wands
 s - a wand of charming (7)
Scrolls
 f - 2 scrolls of fear
 h - a scroll of vulnerability {unknown}
 i - a scroll of torment
 k - 2 scrolls of noise
 o - 4 scrolls of identify
 q - 2 scrolls of amnesia {unknown}
 w - 2 scrolls of fog {unknown}
 A - a scroll of blinking {unknown}
 B - a scroll of butterflies {unknown}
 C - a scroll of silence {unknown}
 D - a scroll of enchant armour {unknown}
 E - a scroll of teleportation
 I - a scroll of magic mapping {unknown}
Potions
 c - a potion of attraction
 e - 2 potions of brilliance
 r - a potion of resistance
 F - 2 potions of cancellation


   Skills:
 + Level 5.6 Fighting
 + Level 5.6 Short Blades
 + Level 5.6 Long Blades
 + Level 5.6 Axes
 + Level 5.6 Maces & Flails
 + Level 5.6 Polearms
 + Level 5.6 Staves
 + Level 6.2 Ranged Weapons
 + Level 5.6 Throwing
 + Level 5.6 Armour
 + Level 5.6 Dodging
 + Level 6.1 Stealth
 + Level 5.6 Shields
 + Level 5.6 Unarmed Combat
 + Level 6.3 Spellcasting
 + Level 4.6 Conjurations
 + Level 4.6 Hexes
 + Level 7.2 Summonings
 + Level 4.6 Necromancy
 + Level 4.6 Translocations
 + Level 4.6 Transmutations
 + Level 4.6 Fire Magic
 + Level 4.6 Ice Magic
 + Level 4.6 Air Magic
 + Level 4.6 Earth Magic
 + Level 4.6 Poison Magic
 + Level 6.1 Invocations
 + Level 10.2 Evocations


You had 16 spell levels left.
You knew the following spells:

 Your Spells              Type           Power      Damage    Failure   Level
a - Summon Small Mammal   Summ           100%       N/A       1%          1
b - Summon Ice Beast      Ice/Summ       30%        N/A       9%          4

Your spell library contained the following spells:

 Spells                   Type           Power      Damage    Failure   Level
 Summon Guardian Golem    Hex/Summ       30%        N/A       2%          3
 Stone Arrow              Conj/Erth      48%        3d10      4%          3
 Animate Armour           Summ/Erth      60%        N/A       9%          4
 Lehudib's Crystal Spear  Conj/Erth      12%        10d4      100%        8


Dungeon Overview and Level Annotations

Branches:
Dungeon (7/15)             Temple (0/1) D:6

Altars:
Ashenzari
Dithmenos
Elyvilon
Gozag
Hepliaklqana
Kikubaaqudgha
Ru
Sif Muna
Uskayaw
Zin
The Shining One

Shops:
D:2 (   D:7 =

Annotations:
D:6 1 runed translucent door, Crazy Yiuf


Innate Abilities, Weirdness & Mutations

Your life essence is reduced to manifest your ancestor. (-10% HP)
You have very sharp teeth.
Your uncanny sense of smell can sniff out nearby items.
Your experience applies equally to all skills.
Your mind is acute. (Int +4, Str/Dex -1)
Armour fits poorly on your strangely shaped body.
Your muscles are strong. (Str +4, Int/Dex -1)


Message History

* * * LOW HITPOINT WARNING * * *
The kobold closely misses you.
Your ice beast hits the orc.
Your ice beast freezes the orc.
The orc dies!
Things that are here:
a +0 dagger; a +0 ring mail; an orc corpse Welcome back, billz999 the Gnoll Wanderer.
Hepliaklqana says: Your past becomes your present!
Press ? for a list of commands and other information.
The orc attacks as you move away! The orc hits you but does no damage.
The kobold attacks as you move away!
The kobold hits you with a +0 short sword.
* * * LOW HITPOINT WARNING * * *
The kobold brigand throws a poisoned dart.
The poisoned dart hits you.
You are poisoned.
Your ice beast barely misses the kobold.
Okay, then.
Welcome back, billz999 the Gnoll Wanderer.
Hepliaklqana says: Your past becomes your present!
Press ? for a list of commands and other information.
Unknown command.
It was a potion of cancellation.
You feel magically purged.
* * * LOW HITPOINT WARNING * * *
You feel sick.
The orc hits you with a +2 whip of holy wrath.
* * * LOW HITPOINT WARNING * * *
Unknown command.
Drinking this now will have no effect.
It was a potion of mutation.
You feel extremely strange.
You feel stronger.
Your body twists and deforms.
You feel clever.
* * * LOW HITPOINT WARNING * * *
You feel sick. The orc hits you but does no damage.
The kobold hits your ice beast but does no damage.
Your ice beast hits the kobold but does no damage.
It was a potion of berserk rage.
A red film seems to cover your vision as you go berserk!
You feel yourself moving faster!
You feel mighty!
You feel sick.
The orc hits you with a +2 whip of holy wrath.
You die...

#.....................#
#....#.#.######........
#....#.#.....##........
#....#.#####.##........
###.##.# #...##.##...
#....# ###..#.##...
###..#### ##........
#.[.....# ###..#...
#..o@...# ###.......
#.KKK...####....#....
#..Y.........##....##
####K###..####....##
#.#...).......##
#...###.#.....#
#.#.###.##....#
...._..........####
#..#.#.#....)....#...


You could see a kobold brigand, an orc, 3 kobolds and a friendly ice beast
(summoned).

Vanquished Creatures
  Sigmund (D:5)
  4 yaks (D:5)
  3 orc warriors
  A sky beast (D:7)
  4 black bears
  3 ogres
  2 centaurs (D:7)
  A kobold brigand (D:7)
  Blork the orc (D:6)
  2 bullfrogs
  2 gnoll sergeants
  A necrophage (D:5)
  A scorpion (D:4)
  6 wights
  A crimson imp (D:4)
  3 hounds
  2 orc priests
  A jelly (D:5)
  3 iguanas
  Terence (D:2)
  2 orc wizards
  6 adders
  9 gnolls
  A white imp (D:4)
  An ufetubus (D:6)
  A worm (D:2)
  2 dart slugs
  26 orcs
  6 endoplasms
  3 giant cockroaches
  7 goblins
  5 hobgoblins
  3 quokkas
  8 ball pythons
  4 bats (D:1)
  5 frilled lizards
  8 kobolds
  4 rats
144 creatures vanquished.

Vanquished Creatures (collateral kills)
  A gargoyle (D:6)
  A yak (D:5)
  A wyvern (D:6)
  Menkaure (D:7)
  A black bear (D:6)
  A sky beast (D:5)
  An ogre (D:5)
  A kobold brigand (D:2)
  A phantom (D:5)
  A scorpion (D:6)
  4 wights
  A killer bee (D:6)
  A jelly (D:7)
  2 orc priests (D:7)
  2 orc wizards
  An adder (D:6)
  4 gnolls
  3 white imps
  8 orcs
  A giant cockroach (D:1)
  A hobgoblin (D:1)
  A ball python (D:1)
  3 frilled lizards (D:1)
  2 kobolds
44 creatures vanquished.

Vanquished Creatures (others)
  A yak (D:5)
  6 ancestors
  An orc (D:6)
  7 plants
15 creatures vanquished.

Grand Total: 203 creatures vanquished

Notes
Turn   | Place    | Note
-------+----------+-------------------------------------------
     0 | D:1      | billz999 the Gnoll Wanderer began the quest for the Orb.
     0 | D:1      | billz999 set off with the following items: a +0 sling, a
                  | wand of flame (6), a potion of attraction, a +0 robe; and
                  | the following spell memorised: Summon Small Mammal; and the
                  | following spells available to memorise: Summon Guardian
                  | Golem, Summon Ice Beast.
     0 | D:1      | Reached XP level 1. HP: 13/13 MP: 4/4
    74 | D:1      | Reached XP level 2. HP: 19/19 MP: 3/5
   505 | D:2      | Found Sutt's Weapon Emporium.
   510 | D:2      | Reached XP level 3. HP: 25/25 MP: 7/7
   532 | D:2      | Reached skill level 1 in Invocations
   773 | D:2      | Reached skill level 1 in Fighting
   773 | D:2      | Reached skill level 1 in Short Blades
   773 | D:2      | Reached skill level 1 in Long Blades
   773 | D:2      | Reached skill level 1 in Axes
   773 | D:2      | Reached skill level 1 in Maces & Flails
   773 | D:2      | Reached skill level 1 in Polearms
   773 | D:2      | Reached skill level 1 in Staves
   773 | D:2      | Reached skill level 1 in Throwing
   773 | D:2      | Reached skill level 1 in Armour
   773 | D:2      | Reached skill level 1 in Dodging
   773 | D:2      | Reached skill level 1 in Shields
   773 | D:2      | Reached skill level 1 in Unarmed Combat
   823 | D:2      | Found a shadowy altar of Dithmenos.
   958 | D:2      | Noticed Terence
   967 | D:2      | Killed Terence
   968 | D:2      | Reached XP level 4. HP: 8/32 MP: 5/8
  1225 | D:3      | Found a glowing golden altar of the Shining One.
  1231 | D:3      | Reached skill level 1 in Conjurations
  1231 | D:3      | Reached skill level 1 in Hexes
  1231 | D:3      | Reached skill level 1 in Necromancy
  1231 | D:3      | Reached skill level 1 in Translocations
  1231 | D:3      | Reached skill level 1 in Transmutations
  1231 | D:3      | Reached skill level 1 in Fire Magic
  1231 | D:3      | Reached skill level 1 in Ice Magic
  1231 | D:3      | Reached skill level 1 in Air Magic
  1231 | D:3      | Reached skill level 1 in Earth Magic
  1231 | D:3      | Reached skill level 1 in Poison Magic
  1425 | D:3      | Found a broken altar of Ashenzari.
  1905 | D:3      | Reached XP level 5. HP: 34/37 MP: 9/9
  2457 | D:3      | Noticed a kobold brigand
  2508 | D:2      | Killed a kobold brigand
  2509 | D:2      | Reached XP level 6. HP: 23/44 MP: 7/11
  2848 | D:3      | Found a faded altar of an unknown god.
  2849 | D:3      | Found a hazy altar of Hepliaklqana.
  2979 | D:3      | Became a worshipper of Hepliaklqana the Forgotten
  3682 | D:2      | Bought a +2 shortbow of draining for 191 gold pieces
  4042 | D:4      | Reached * piety under Hepliaklqana
  4116 | D:4      | Reached XP level 7. HP: 45/45 MP: 12/12
  4322 | D:5      | Entered Level 5 of the Dungeon
  4356 | D:5      | Found a shimmering blue altar of Sif Muna.
  4504 | D:5      | Reached skill level 9 in Evocations
  4599 | D:5      | Found a white marble altar of Elyvilon.
  4615 | D:5      | Noticed a yak
  4617 | D:5      | Noticed a yak
  4629 | D:5      | Noticed a yak
  4630 | D:5      | Noticed a yak
  4633 | D:5      | Noticed a yak
  4634 | D:5      | Noticed a yak
  4640 | D:5      | Killed a yak
  4657 | D:5      | Killed a yak
  4658 | D:5      | Reached XP level 8. HP: 34/52 MP: 12/14
  4695 | D:5      | Killed a yak
  4773 | D:5      | Killed a yak
  4778 | D:5      | Killed a yak
  4988 | D:5      | Noticed Sigmund
  4996 | D:5      | Killed Sigmund
  5091 | D:5      | Reached XP level 9. HP: 58/58 MP: 16/16
  5136 | D:5      | Reached skill level 5 in Spellcasting
  5260 | D:5      | Learned a level 4 spell: Summon Ice Beast
  5306 | D:5      | Reached skill level 5 in Ranged Weapons
  5455 | D:5      | Reached skill level 5 in Stealth
  5686 | D:6      | Found a staircase to the Ecumenical Temple.
  5720 | D:6      | Noticed a +0 hand axe
  5721 | D:6      | Noticed a +0 hand axe
  5755 | D:6      | Reached ** piety under Hepliaklqana
  5857 | D:6      | Found a glowing silver altar of Zin.
  5887 | D:6      | Reached skill level 5 in Invocations
  5888 | D:6      | Noticed a gargoyle
  6170 | D:6      | Killed a gargoyle
  6210 | D:6      | Reached skill level 5 in Fighting
  6210 | D:6      | Reached skill level 5 in Short Blades
  6210 | D:6      | Reached skill level 5 in Long Blades
  6210 | D:6      | Reached skill level 5 in Axes
  6210 | D:6      | Reached skill level 5 in Maces & Flails
  6210 | D:6      | Reached skill level 5 in Polearms
  6210 | D:6      | Reached skill level 5 in Staves
  6210 | D:6      | Reached skill level 5 in Throwing
  6210 | D:6      | Reached skill level 5 in Armour
  6210 | D:6      | Reached skill level 5 in Dodging
  6210 | D:6      | Reached skill level 5 in Shields
  6210 | D:6      | Reached skill level 5 in Unarmed Combat
  6210 | D:6      | Reached XP level 10. HP: 49/66 MP: 15/18
  6421 | D:6      | Noticed Blork the orc
  6425 | D:6      | Killed Blork the orc
  6426 | D:6      | Reached skill level 10 in Evocations
  6710 | D:6      | Found a hide-covered altar of Uskayaw.
  7095 | D:6      | Found a runed translucent door.
  7096 | D:6      | Noticed Crazy Yiuf
  7254 | D:7      | Found Hyqygaet's Jewellery Shoppe.
  7375 | D:7      | Found an ancient bone altar of Kikubaaqudgha.
  7594 | D:7      | Found an opulent altar of Gozag.
  7805 | D:7      | Found a sacrificial altar of Ru.
  7817 | D:7      | Noticed Menkaure
  7822 | D:7      | Killed Menkaure
  8105 | D:7      | Upgraded the game from 0.30-a0-457-g4b7bca3bfa to
                  | 0.30-a0-458-g86641cc369
  8105 | D:7      | HP: 3/67 [orc/+2 whip of holy wrath (1)]
  8106 | D:7      | Gained mutation: Your muscles are strong. (Str +4, Int/Dex
                  | -1) [potion of mutation]
  8106 | D:7      | Gained mutation: Armour fits poorly on your strangely
                  | shaped body. [potion of mutation]
  8106 | D:7      | Gained mutation: Your mind is acute. (Int +4, Str/Dex -1)
                  | [potion of mutation]
  8107 | D:7      | Slain by an orc

Illustrated notes

Levels and vault maps discovered:
D:1:      tarquinn_simple_flora_water_a, layout_rooms
D:2:      layout_rooms, basic_altar, serial_shops, nicolae_shop_window_shopping,
          dk_noncrumbling_3, uniq_terence
D:3:      layout_basic, mainiacjoe_overflow_boulevard,
          beargit_hepliaklqana_dungeon_heroes,
          mainiacjoe_overflow_concentric_impassable
D:4:      layout_cave_pools, serial_co_window_serial, co_window_corner_a,
          co_window_paths_b, co_window_paths_a, co_window_paths_a,
          co_window_corner_a, co_window_paths_a, co_window_of_opportunity_a,
          co_window_broadway_b, co_window_of_opportunity_b,
          co_window_of_opportunity_c, co_window_corner_cb, glass_columns_b,
          glass_columns_a, glass_columns_b, glass_columns_c, glass_columns_a,
          minmay_fire_ice_demons
D:5:      layout_loops_corners, nicolae_elyvilon_peaceful_grove,
          lemuel_round_altar, uniq_sigmund
D:6:      hangedman_cross_stitches, layout_basic, zin_academy,
          dancing_weapons_uskayaw, temple_pool_b, serial_bayou_crossing,
          uniq_blork_the_orc, uniq_crazy_yiuf_cottage
D:7:      layout_rooms, nicolae_gozag_seed_capital, lemuel_crystal_altar,
          mainiacjoe_overflow_chevrons, serial_shops,
          nicolae_shop_window_shopping, uniq_menkaure

Skill      XL: |  1  2  3  4  5  6  7  8  9 10 |
---------------+-------------------------------+-----
Invocations    | 1 2 3 4 5 6 |  6.1
Fighting       | 1 2 3 5 |  5.6
Short Blades   | 1 2 3 5 |  5.6
Long Blades    | 1 2 3 5 |  5.6
Axes           | 1 2 3 5 |  5.6
Maces & Flails | 1 2 3 5 |  5.6
Polearms       | 1 2 3 5 |  5.6
Staves         | 1 2 3 5 |  5.6
Throwing       | 1 2 3 5 |  5.6
Armour         | 1 2 3 5 |  5.6
Dodging        | 1 2 3 5 |  5.6
Shields        | 1 2 3 5 |  5.6
Unarmed Combat | 1 2 3 5 |  5.6
Spellcasting   | 3 4 5 6 |  6.3
Conjurations   | 1 2 3 4 |  4.6
Hexes          | 1 2 3 4 |  4.6
Necromancy     | 1 2 3 4 |  4.6
Translocations | 1 2 3 4 |  4.6
Transmutations | 1 2 3 4 |  4.6
Fire Magic     | 1 2 3 4 |  4.6
Ice Magic      | 1 2 3 4 |  4.6
Air Magic      | 1 2 3 4 |  4.6
Earth Magic    | 1 2 3 4 |  4.6
Poison Magic   | 1 2 3 4 |  4.6
Ranged Weapons | 3 4 5 6 |  6.2
Stealth        | 3 4 5 6 |  6.1
Evocations     | 9 10 | 10.2
Summonings     | 6 7 |  7.2

Action                   |  1- 3 |  4- 6 |  7- 9 | 10-12 || total
-------------------------+-------+-------+-------+-------++-------
 Fire: Sling             |   115 |   268 |       |       ||   383
       Shortbow          |       |    25 |   218 |   204 ||   447
Throw: Javelin           |       |     4 |       |       ||     4
 Cast: Summon Small Mamm |     8 |    21 |     7 |       ||    36
       Summon Ice Beast  |       |       |     5 |     2 ||     7
Evoke: Wand              |     4 |     2 |     2 |     1 ||     9
  Use: Scroll            |       |       |     3 |     5 ||     8
       Potion            |       |       |     3 |     3 ||     6
Armor: Robe              |    17 |   105 |    30 |    14 ||   166
Dodge: Dodged            |    33 |   141 |    66 |    48 ||   288

Table legend: (Time is in decaauts)
 A = Elapsed time spent in this place.
 B = Non-inter-level travel time spent in this place.
 C = Inter-level travel time spent in this place.
 D = Time resting spent in this place.
 E = Time spent auto-exploring this place.
 F = Levels seen in this place.
 G = Mean time per level.
                   A        B        C        D        E       F      G
               +--------+--------+--------+--------+--------+-----+--------+
         Total |   8334 |   7893 |    441 |   1202 |   5084 |   7 | 1190.6 |
       Dungeon |   8334 |   7893 |    441 |   1202 |   5084 |   7 | 1190.6 |
               +--------+--------+--------+--------+--------+-----+--------+

Top non-repeatable levels by time:
     D:3: 1776 daAuts
     D:6: 1600 daAuts
     D:5: 1398 daAuts
     D:2: 1088 daAuts
     D:4: 1052 daAuts
     D:7: 895 daAuts
     D:1: 522 daAuts
